 Dungeon Crawl Stone Soup version 0.13.1-17-g0f9d4ff (webtiles) character file.

349 Lilouch the Covered (level 5, -1/41 HPs)
             Began as a Mummy Fighter on Dec 15, 2013.
             Killed from afar by an orc wizard (3 damage)
             ... with a magic dart
             ... on Level 4 of the Dungeon.
             The game lasted 00:05:24 (2315 turns).

Lilouch the Covered (Mummy Fighter)                 Turns: 2315, Time: 00:05:24

HP  -1/41        AC  9     Str 20      XL: 5   Next: 75%
MP   4/4         EV  5     Int  7      God:
Gold 115         SH 18     Dex 11      Spells:  0 memorised,  4 levels left

Res.Fire  : x . .   See Invis. : .   a - +0 trident
Res.Cold  : + . .   Warding    : .   p - +0 orc chain mail
Life Prot.: + + +   Conserve   : .   c - +0 shield
Res.Poison: +       Res.Corr.  : .   (no helmet)
Res.Elec. : .       Clarity    : .   (no cloak)
Sust.Abil.: . .     Spirit.Shd : .   (no gloves)
Res.Mut.  : .       Stasis     : .   (no boots)
Res.Rott. : +       Flight     : .   (no amulet)
Saprovore : . . .                    (no ring)
                                     (no ring)

@: slightly resistant to hostile enchantments, extremely unstealthy
A: no food or potions, fire vulnerability, restore body, cold resistance 1, life
protection 3, poison resistance, torment resistance, unbreathing
a: no special abilities


You were on level 4 of the Dungeon.
You were not hungry.

You visited 1 branch of the dungeon, and saw 5 of its levels.

You collected 95 gold pieces.

Inventory:

Hand weapons
 a - a +0,+0 trident (weapon)
 o - the +2,+7 sling "Tuasupn" {flame, rN+ Str+2 Dex+2 Int-4 SInv}
   (You took it off an orc on level 5 of the Dungeon)

   It turns projectiles fired from it into bolts of flame.
   It affects your strength (+2).
   It affects your intelligence (-4).
   It affects your dexterity (+2).
   It protects you from negative energy.
   It enhances your eyesight.
Missiles
 h - 20 bolts
 j - a throwing net (quivered)
 k - 18 silver bolts
 l - 9 poisoned needles
 n - 5 poisoned sling bullets
 q - 14 stones
Armour
 c - a +0 shield (worn)
 p - a +0 orcish chain mail (worn)
Magical devices
 m - a wand of digging (15)
Scrolls
 b - a scroll of fear {unknown}
 d - 2 scrolls of noise {unknown}
 e - 4 scrolls of identify {unknown}
 f - 2 scrolls of remove curse {unknown}
 g - a scroll of curse jewellery {unknown}
 i - a scroll of teleportation {unknown}
 r - a scroll of fog {unknown}


   Skills:
 - Level 3.0 Fighting
 + Level 3.0 Polearms
 * Level 4.0 Armour
 + Level 3.4 Shields


You had 4 spell levels left.
You didn't know any spells.

Dungeon Overview and Level Annotations

Branches:
Dungeon (5/27)
 Temple: D:4-7

Altars:
Ashenzari

Annotations:
D:3 Sigmund


Innate Abilities, Weirdness & Mutations

You do not eat or drink.
Your flesh is vulnerable to fire.
Your flesh is cold resistant.
You are immune to negative energy.
Your system is resistant to poisons.
You are immune to unholy pain and torment.
You can survive without breathing.


Message History

You hear some strange, mumbled words.
The puff of flame hits you! The fire burns you terribly!
* * * LOW HITPOINT WARNING * * *
You closely miss it. You block its attack.
You hear some strange, mumbled words.
Something tries to affect you, but you resist.
You closely miss it.
You hear some strange, mumbled words.
The magic dart hits you!
* * * LOW HITPOINT WARNING * * *
You barely miss it. It hits you but does no damage.
You closely miss it. It hits you.
* * * LOW HITPOINT WARNING * * *
You completely miss it. It hits you but does no damage.
It hits you but does no damage.
You barely miss it. It hits you but does no damage.
You closely miss it.
You hear some strange, mumbled words.
The magic dart hits you!
You die...

#.##...########
##'##...# #
#.......## #
#........+
#.......##
#.......# ####
##......(#
#...{##........#
+...o{@.....####
#....##.....#
#..) ###'### ###
#.# #.# #.# #.#
#.# #.#


You could see an orc.

Vanquished Creatures
  A hound (D:4)
  3 orc wizards
  2 worker ants (D:4)
  Ijyb (D:3)
  A giant mite (D:4)
  A giant eyeball (D:4)
  A giant gecko (D:4)
  5 orcs
  A ball python (D:1)
  2 giant cockroaches
  7 hobgoblins
  4 kobolds
  A bat (D:4)
  4 giant newts
  7 goblins
  3 rats
44 creatures vanquished.

Notes
Turn   | Place    | Note
--------------------------------------------------------------
     0 | D:1      | Lilouch, the Mummy Fighter, began the quest for the Orb.
     0 | D:1      | Reached XP level 1. HP: 18/18 MP: 0/0
   262 | D:1      | Reached XP level 2. HP: 24/24 MP: 1/1
   266 | D:1      | Found a shattered altar of Ashenzari.
   844 | D:3      | Noticed Ijyb
   871 | D:3      | Killed Ijyb
   871 | D:3      | Reached XP level 3. HP: 20/30 MP: 2/2
  1167 | D:3      | Noticed Sigmund
  1532 | D:4      | Reached XP level 4. HP: 26/36 MP: 3/3
  1675 | D:5      | Entered Level 5 of the Dungeon
  1790 | D:5      | Reached XP level 5. HP: 36/41 MP: 4/4
  1807 | D:5      | Got a slimy sling
  2044 | D:4      | Identified the sling "Tuasupn" {flame, rN+ Str+2 Dex+2 Int-4 SInv} (You took it off an orc on level 5 of the Dungeon)
  2296 | D:4      | Reached skill level 4 in Armour
  2312 | D:4      | HP: 1/41 [something (2)]
  2315 | D:4      | Killed from afar by an orc wizard

Action                   |  1- 3 |  4- 6 || total
-------------------------+-------+-------++-------
Melee: Trident           |   112 |    84 ||   196
